[Event "*** Titled Tuesday Blitz"]
[Site "Chess.com"]
[Date "2020.11.24"]
[Round "1"]
[White "zverr1"]
[Black "kinga2008"]
[Result "1-0"]
[WhiteElo "2526"]
[BlackElo "2189"]
[TimeControl "180+1"]
[EndTime "10:22:49 PST"]
[Termination "zverr1 won on time"]

1. d4 g6 2. e4 Bg7 3. Nc3 d6 4. h3 e5 5. Nge2 Ne7 6. dxe5 Bxe5 7. f4 Bg7 8. Be3 O-O 9. Qd2 f5 10. g3 fxe4 11. g4 Nbc6 12. O-O-O d5 13. Bg2 Be6 14. Rhf1 Qd7 15. Nd4 Nxd4 16. Bxd4 Rad8 17. Bxg7 Kxg7 18. Qd4+ Kg8 19. Qxa7 Nc6 20. Qc5 b6 21. Qb5 Qd6 22.
Nxe4 Qb4 23. Qxc6 Bf7 24. Nf6+ Kg7 25. Bxd5 Rd6 26. Qxc7 Rxf6 27. a3 Qa4 28. Bb3 Qe4 29. Rd7 Kg8 30. Rxf7 R8xf7 31. Bxf7+ Rxf7 32. Qxb6 Qe2 33. Qf2 Qe4 34. Qf3 Qd4 35. Kb1 Rd7 36. Qb3+ Kg7 37. Qc3 Qxc3 38. bxc3 Rd2 39. Kb2 Rh2 40. Rf3 Kf6 41. c4 Ke6 42. Rd3 Rf2 43. a4 Rxf4 44. Kb3 Rf1 45. a5 Rb1+ 46. Ka4 Ra1+ 47. Kb5 Ke5 48. a6 Rb1+ 49. Kc6 Ke4 50. a7 Ra1 51. Kb7 Rb1+ 52. Kc7 Ra1 53. Kb8 Rb1+ 54. Kc8 Ra1 55. Rd7 Ra4 56. Kb8 Rb4+ 57. Rb7 1-0

[Event "*** Titled Tuesday Blitz"]
[Site "Chess.com"]
[Date "2020.11.24"]
[Round "1"]
[White "MikeSailer"]
[Black "lefonghua"]
[Result "0-1"]
[WhiteElo "2158"]
[BlackElo "2519"]
[TimeControl "180+1"]
[EndTime "10:22:49 PST"]
[Termination "lefonghua won on time"]

1. d4 Nf6 2. Bf4 g6 3. e3 Bg7 4.
Nf3 O-O 5. Be2 c5 6. c3 b6 7. O-O Bb7 8. h3 d6 9. Nbd2 a6 10. a4 Nbd7 11. b4 Nd5 12. Qb3 Nxf4 13. exf4 Rc8 14. dxc5 dxc5 15. b5 a5 16. Bc4 Qc7 17. f5 gxf5 18. Rfe1 e6 19. Rad1 Nf6 20. Ng5 Nd5 21.
Ndf3 Rfe8 22. Nh2 h6 23. Ngf3 Nxc3 24. Rd3 Nd5 25. Nf1 Rcd8 26. Ng3 Nf4 27. Rxd8 Rxd8 28. Nh5 Nxh5 29. Bxe6 fxe6 30. Qxe6+ Qf7 31. Qxb6 Rc8 32. Ne5 Bxe5 33. Rxe5 Ng7 34. Qxa5 c4 35. Qc3 Be4 36. a5 Qg6 37. g3 Bd3 38. b6 Kh7 39. b7 Rb8 40. Re7 Be4 41. a6 Re8 42. Rxe8 Qxe8 43.
Qxc4 Qd7 44. Qc1 Bxb7 45. axb7 Qxb7 46. Qc2 Qe4 0-1

[Event "*** Titled Tuesday Blitz"]
[Site "Chess.com"]
[Date "2020.11.24"]
[Round "1"]
[White "vlad_Sid"]
[Black "Fortitudine"]
[Result "0-1"]
[WhiteElo "2641"]
[BlackElo "2353"]
[TimeControl "180+1"]
[EndTime "10:22:50 PST"]
[Termination "Fortitudine won by resignation"]

1. c4 Nf6 2. g3 c5 3. Bg2 g6 4.
Nc3 Bg7 5. Nf3 O-O 6. O-O d6 7. d4 cxd4 8. Nxd4 Nc6 9. Nxc6 bxc6 10. Bxc6 Rb8 11. Bg2 Qa5 12. Qc2 Bb7 13. b3 Bxg2 14.
Kxg2 Rfc8 15. Bf4 Nh5 16. Bd2 d5 17. Rab1 dxc4 18. bxc4 Rxb1 19. Rxb1 Rxc4 20. Rb8+ Bf8 21. Qd3 Qc7 22. Re8 Qc6+ 23. f3 Qxe8 24. Qxc4 Qd7 25. Be3 Nf6 26. Nb5 a6 27. Nc7 a5 28. Bb6 a4 29.
Nb5 Qd1 30. Nc3 Qc2 31. Ba5 a3 32. Bb4 Qb2 33. Qb3 Qxb3 34. axb3 e6 35. Bxf8 Kxf8 36. e4 Nd7 37. Kf2 Nc5 38. Na2 Nxb3 39. Ke3 h5 40. Kd3 Kg7 41. Kc3 Nc5 42. Kc4 Nd7 43. f4 Nf6 44. e5 Ng4 45. h4 Ne3+ 46. Kb3 Nf1 47. Nb4 Nxg3 48. Nd3 a2 49. Ka3 Nf1 0-1

[Event "*** Titled Tuesday Blitz"]
[Site "Chess.com"]
[Date "2020.11.24"]
[Round "1"]
[White "xamax2000"]
[Black "Kaua18"]
[Result "1-0"]
[WhiteElo "2630"]
[BlackElo "2331"]
[TimeControl "180+1"]
[EndTime "10:22:50 PST"]
[Termination "xamax2000 won by resignation"]

1. d4 Nf6 2. c4 e6 3. Nf3 b6 4. a3 Bb7 5. Bf4 d5 6. cxd5 exd5 7. e3 Nbd7 8. Nc3 c6 9. h3 Be7 10. Bd3 O-O 11. O-O Re8 12. Rc1 Nf8 13. Ne5 Ng6 14.
Bg3 Bd6 15. f4 a6 16. Qf3 c5 17. Kh1 b5 18. Rcd1 c4 19. Bb1 b4 20. axb4 Bxb4 21. f5 Nf8 22. Nxc4 Bxc3 23. bxc3 dxc4 24. Qxb7 Rxe3 25.
Rf3 Re7 26. Qc6 Qd5 27. Qxd5 Nxd5 28. Ba2 Rc8 29. Bd6 Re2 30. Ra1 Nd7 31. g4 N7f6 32.
Bc5 Ne4 33. Bxc4 Ndxc3 34. Bxe2 Nxe2 35. Re3 N2c3 36. Rc1 Na2 37. Rc2 Nec3 38. Rexc3 Nxc3 39. Rxc3 f6 40. d5 Kf7 41. d6 Ke8 42. Bb4 Kd7 43.
Rxc8 Kxc8 44. Kg2 Kd7 45. Ba3 a5 46. Kf3 1-0

[Event "*** Titled Tuesday Blitz"]
[Site "Chess.com"]
[Date "2020.11.24"]
[Round "1"]
[White "redbaron8888"]
[Black "hawes33"]
[Result "1/2-1/2"]
[WhiteElo "2521"]
[BlackElo "2212"]
[TimeControl "180+1"]
[EndTime "10:22:50 PST"]
[Termination "Game drawn by repetition"]

1. e4 c5 2. Nf3 e6 3. d4 cxd4 4. Nxd4 a6 5. Nc3 b5 6. Bd3 Bb7 7. O-O d6 8. Qe2 Nf6 9. f4 Be7 10. Kh1 Nbd7 11. Bd2 O-O 12. Rae1 Qc7 13. Rf3 Nc5 14.
Rg3 b4 15. e5 bxc3 16. exf6 Bxf6 17. Bxc3 Nxd3 18. Qxd3 g6 19. f5 e5 20. fxg6 fxg6 21. Ne6 Qc6 22. Nxf8 Rxf8 23. Qf3 Bh4 24. Qxc6 Bxc6 25.
Rd1 Bxg3 26. hxg3 Rf2 27. Rxd6 Be4 28. Rd2 Rxd2 29. Bxd2 Bxc2 30. Kg1 Bb1 31. a4 Bc2 32. a5 Kf7 33. Kf2 Ke6 34. Ke3 Kd5 35. Bc3 Be4 36. Kf2 Bd3 37. Ke3 Bf1 38. Kf2 Bb5 39. Ke3 g5 40. g4 Bf1 41. g3 Bc4 42. Bb4 Ke6 43. Bd2 Bd5 44. Kf2 Kf6 45. Bb4 Bb3 46. Bc5 Bd1 47. b4 Bxg4 48. Ke3 Bd7 49. Bb6 Kf5 50. Bd8 h5 51. Kf2 Bb5 52. Be7 Kg4 53. Bd8 e4 54. Ke3 Bd3 55. Kf2 h4 56. gxh4 gxh4 57.
Bc7 h3 58. Bh2 Kf5 59. Ke3 Ke6 60. Bg3 Kd5 61. Bh2 Kc4 62. Bd6 h2 63. Bxh2 Kxb4 64. Bc7 Kb5 65. Bb6 Kc4 66. Bd8 Kd5 67. Bb6 Kc6 68. Bd8 Kb7 69. Bb6 Kc8 70. Bd4 Kd7 71. Bb6 Ke6 72. Bd4 Kf5 73. Bb6 Kg4 74. Bd4 Kh3 75. Bb6 Kg2 76. Bd4 Kf1 77. Bb6 Ke1 78.
Bd4 Kd1 79. Bb6 Kc1 80. Bd8 Kc2 81. Bb6 Kb3 82. Bd8 Kc4 83. Bb6 Kb5 84. Bd8 Kc6 85. Bb6 Kb7 86. Kd2 Bb5 87. Ke3 Kc6 88. Kd2 Kd5 89. Ke3 Bc6 90. Bd8 Kc4 91. Bb6 Kb4 92. Bd8 Kc4 93. Bb6 Kd5 94. Bd8 Kc4 1/2-1/2

[Event "*** Titled Tuesday Blitz"]
[Site "Chess.com"]
[Date "2020.11.24"]
[Round "1"]
[White "eightbyeightchess"]
[Black "Twitch_ElhamBlitz05"]
[Result "0-1"]
[WhiteElo "2419"]
[BlackElo "2815"]
[TimeControl "180+1"]
[EndTime "10:22:51 PST"]
[Termination "Twitch_ElhamBlitz05 won by resignation"]

1. e4 c6 2. d4 d5 3. e5 c5 4. dxc5 e6 5. Bd3 Nd7 6. f4 Nxc5 7. Be2 Ne4 8. Be3 Ne7 9. Nf3 Nf5 10. Bg1 Bc5 11. Nbd2 Bxg1 12. Rxg1 Ne3 13. Qc1 Qb6 14. a4 a5 15. Ra3 Nf5 16. Bb5+ Bd7 17. Bxd7+ Kxd7 18. Rd3 Qf2+ 19. Kd1 Ne3+ 20. Rxe3 Qxe3 21.
Nxe4 Qxe4 22. b3 Rac8 23. Re1 Qb4 24. Qd2 Qxd2+ 25. Kxd2 h6 26. c3 Ke7 27. Nd4 g6 28. Nb5 g5 29. Nd6 gxf4 30. Nxc8+ Rxc8 31. Rf1 Rg8 32. Rf2 Rg5 33. Re2 f6 34. exf6+ Kxf6 35. Kd3 e5 36. c4 dxc4+ 37. bxc4 Kf5 38. c5 Rg8 39. Kc4 e4 40. Kb5 Rc8 41. Rc2 e3 42. Kxa5 Ke4 43. Kb6 Kd3 44. Rc1 Kd2 45. Kxb7 Kxc1 46. Kxc8 e2 47. c6 e1=Q 48. c7 Qa5 49. Kb8 Qb4+ 50.
Kc8 Qxa4 0-1

[Event "*** Titled Tuesday Blitz"]
[Site "Chess.com"]
[Date "2020.11.24"]
[Round "1"]
[White "Revnov"]
[Black "saraswathii"]
[Result "0-1"]
[WhiteElo "2656"]
[BlackElo "2373"]
[TimeControl "180+1"]
[EndTime "10:22:51 PST"]
[Termination "saraswathii won on time"]

1. e4 c5 2. Nf3 e6 3. c3 Nf6 4. d3 d5 5. e5 Nfd7 6. d4 Nc6 7.
Be2 g6 8. O-O Bg7 9. Na3 a6 10.
Bg5 Qb6 11. Rb1 O-O 12. Nc2 f6 13. exf6 Nxf6 14. Re1 Ne4 15. Be3 cxd4 16. Ncxd4 Qc7 17. Rc1 Bd7 18. c4 Nxd4 19. Bxd4 Bc6 20. Bxg7 Qxg7 21. cxd5 exd5 22. Qb3 Kh8 23. Bf1 g5 24. h3 h5 25.
Rc2 g4 26. hxg4 hxg4 27. Nh4 g3 28. fxg3 Nxg3 29. Rc3 Qd4+ 30. Rce3 Nxf1 31. Ng6+ Kg8 32. Rxf1 Rxf1+ 33. Kxf1 Qf6+ 34. Rf3 Bb5+ 35. Kg1 Qb6+ 36. Kh2 Qd6+ 37. Rg3 Bc4 38. Nh4+ Kf8 39. Qf3+ Ke8 40. Nf5 Qf6 41. Ng7+ Kf7 42. Nf5 Rh8+ 43. Kg1 Qb6+ 44.
Qf2 Qc5 0-1

[Event "*** Titled Tuesday Blitz"]
[Site "Chess.com"]
[Date "2020.11.24"]
[Round "1"]
[White "sboshaon21"]
[Black "esskeettit"]
[Result "0-1"]
[WhiteElo "2099"]
[BlackElo "2502"]
[TimeControl "180+1"]
[EndTime "10:22:51 PST"]
[Termination "esskeettit won on time"]

1. d4 d5 2. c4 e6 3. Nc3 Be7 4. Nf3 Nf6 5. e3 O-O 6. Bd3 b6 7. O-O Bb7 8. b3 c5 9. Bb2 Nc6 10. Rc1 Rc8 11. Qe2 cxd4 12. exd4 Nb4 13. Bb1 dxc4 14. bxc4 Bxf3 15. Qxf3 Rxc4 16. Ne4 Rxc1 17. Rxc1 Nbd5 18. h3 Qd7 19. Qd3 Rc8 20. Rxc8+ Qxc8 21. Nxf6+ Nxf6 22. d5 exd5 23. Bxf6 Qc1+ 24. Kh2 Bxf6 25.
Qxh7+ Kf8 26. Qf5 d4 27. Bd3 Qc7+ 28. g3 Qd8 29. a4 Qe8 30. Bb5 Qd8 31. Kg2 g6 32.
Qe4 Kg7 33. h4 Qd6 34. Bd3 Qe5 35. Qxe5 Bxe5 36. f4 Bd6 37. Kf3 Kf6 38. Ke4 Bc5 39. g4 Ke6 40. f5+ gxf5+ 41. gxf5+ Kf6 42. Kf4 a5 43. Kg4 Bd6 44. h5 Be5 45. h6 Bd6 0-1

[Event "*** Titled Tuesday Blitz"]
[Site "Chess.com"]
[Date "2020.11.24"]
[Round "1"]
[White "Rodalquilar"]
[Black "Vi_Los"]
[Result "1/2-1/2"]
[WhiteElo "2657"]
[BlackElo "2355"]
[TimeControl "180+1"]
[EndTime "10:22:52 PST"]
[Termination "Game drawn by repetition"]

1. d4 Nf6 2. Bf4 d5 3. e3 c5 4. Nf3 Nc6 5. c3 Qb6 6. Qc2 Bg4 7. Nbd2 e6 8. h3 Bh5 9. Be2 Bg6 10. dxc5 Bxc5 11. Qb3 O-O 12. O-O Ne4 13. Rfd1 h6 14. c4 Nxd2 15. Rxd2 Be4 16. Qxb6 Bxb6 17. a3 dxc4 18.
Bxc4 Rfd8 19. Rad1 Rxd2 20. Rxd2 Rd8 21. Rxd8+ Bxd8 22.
Nd2 Bg6 23. Kf1 Kf8 24. Ke2 e5 25. Bg3 f6 26. Bd5 Bf7 27. Bxc6 bxc6 28. Kd3 Ke7 29. Nc4 Bb6 30. b4 Bc7 31. f4 e4+ 32. Kd4 f5 33. Bh4+ Ke6 34. g4 g6 35. Be1 Ke7 36.
Bh4+ Ke6 37. Bf2 Ke7 38. Kc3 Be6 39. Bh4+ Kd7 40. g5 h5 41. a4 Bxc4 42. Kxc4 Kd6 43. Bf2 Bb6 44. a5 Bd8 45. Be1 Be7 46. Bc3 Kd7 47.
Bd4 a6 48. Bc5 Bd8 49. Bb6 Be7 50. Bc5 Bd8 51. Kd4 Ke6 52. Bb6 Be7 53. Bc5 Bd8 54. Kc4 Kd7 1/2-1/2

[Event "*** Titled Tuesday Blitz"]
[Site "Chess.com"]
[Date "2020.11.24"]
[Round "1"]
[White "rasmussvane"]
[Black "GM_LOADING"]
[Result "1/2-1/2"]
[WhiteElo "2892"]
[BlackElo "2450"]
[TimeControl "180+1"]
[EndTime "10:22:53 PST"]
[Termination "Game drawn by repetition"]

1. Nf3 Nf6 2. g3 d5 3. Bg2 c6 4. O-O Bg4 5. h3 Bxf3 6. Bxf3 Nbd7 7. d3 e6 8. e4 dxe4 9. dxe4 Bc5 10. Nd2 O-O 11. Qe2 Qc7 12. Kh1 Rad8 13. Bg2 e5 14. Nb3 Bb6 15. a4 a6 16. Rd1 h6 17. Bd2 Nc5 18.
Nxc5 Bxc5 19. Be1 Rxd1 20. Rxd1 Rd8 21. Bf3 Rxd1 22. Qxd1 Qb6 23. Bc3 Bd4 24. Bxd4 exd4 25. b3 Nd7 26. Be2 Qb4 27. f4 Qc3 28. Bd3 Nc5 29.
Kg2 a5 30. h4 b6 31. Kh3 Nxd3 32. cxd3 b5 33. e5 bxa4 34. bxa4 c5 35. Qf3 Qb3 36. Qa8+ Kh7 37. Qe4+ Kg8 38. f5 Qxa4 39. e6 Qe8 40. e7 a4 41. Qe5 a3 42. Qd6 f6 43. Qd5+ Kh7 44. Qd8 Qc6 45. e8=Q Qh1+ 46. Kg4 Qd1+ 47.
Kh3 Qh1+ 48. Kg4 Qd1+ 49. Kf4 Qf1+ 50. Ke4 Qg2+ 51. Kf4 Qf1+ 52. Kg4 Qd1+ 1/2-1/2

[Event "*** Titled Tuesday Blitz"]
[Site "Chess.com"]
[Date "2020.11.24"]
[Round "1"]
[White "BilodeauA"]
[Black "Chessalary"]
[Result "1-0"]
[WhiteElo "2842"]
[BlackElo "2427"]
[TimeControl "180+1"]
[EndTime "10:22:53 PST"]
[Termination "BilodeauA won on time"]

1. d4 d5 2. Nc3 Nf6 3. Bf4 e6 4. Nb5 Bd6 5. Nxd6+ cxd6 6. e3 O-O 7. h3 Nc6 8. Nf3 Qe7 9. c3 e5 10. Bh2 exd4 11.
cxd4 Bf5 12. Be2 Rac8 13. O-O Ne4 14. Nd2 Nb4 15. a3 Nc6 16. Rc1 Qg5 17. Nf3 Qf6 18.
Qb3 Qg6 19. Nh4 Qg5 20. Nxf5 Qxf5 21. Qxb7 Na5 22. Rxc8 Nxb7 23. Bg4 Qf6 24. Rc7 Na5 25.
f3 Nd2 26. Re1 Ndc4 27. b4 Nb3 28. Bf4 Nxd4 29. Rxa7 Nc2 30. Re2 N2xe3 31. Bxe3 Nxe3 32. Rxe3 Qa1+ 33. Kh2 Qd4 34. Ree7 Qf4+ 35. Kg1 d4 36.
Be6 Qe3+ 37. Kf1 Qd3+ 38. Kg1 Qe3+ 39. Kf1 Qc1+ 40. Kf2 Qf4 41. Bxf7+ Rxf7 42. Rxf7 Qe3+ 43. Kg3 Qe5+ 44. f4 Qe3+ 45. Kh2 d3 46. Rxg7+ Kf8 47. Rg3 Qxf4 48. Ra8+ 1-0

[Event "*** Titled Tuesday Blitz"]
[Site "Chess.com"]
[Date "2020.11.24"]
[Round "1"]
[White "Rhinos1"]
[Black "Vladislav_Chizhikov"]
[Result "1-0"]
[WhiteElo "2229"]
[BlackElo "2512"]
[TimeControl "180+1"]
[EndTime "10:22:53 PST"]
[Termination "Rhinos1 won by checkmate"]

1. e4 e6 2. d3 d5 3. Nd2 Nf6 4. Ngf3 c5 5. Be2 Nc6 6. O-O g6 7. c3 Bg7 8. Qc2 O-O 9. Re1 b6 10. Nf1 a5 11. Bg5 Qc7 12. Rad1 a4 13. Ne3 dxe4 14. dxe4 Bb7 15. Nc4 h6 16. Bh4 e5 17.
Nd6 Ba6 18. Bxa6 Rxa6 19. Nb5 Qe7 20. Rd6 Na7 21. Bxf6 Bxf6 22. Rxf6 Qxf6 23. Nc7 Ra5 24. b4 axb3 25. axb3 Nc6 26. Nd5 Qd8 27. Rd1 Kg7 28.
b4 Ra8 29. b5 Na5 30. Nxe5 Qd6 31. f4 Rad8 32. c4 g5 33. Qc3 Kg8 34. Ng4 Qg6 35.
f5 Qg7 36. f6 Qh7 37. Ne7+ Kh8 38. Re1 Rd4 39. h3 Rxe4 40. Rd1 Rxc4 41. Qe5 Re4 42. Qc7 Re8 43. Qxb6 Nb3 44. Qc6 R4xe7 45. fxe7 Rxe7 46.
Rd8+ Kg7 47. Qf6# 1-0

[Event "*** Titled Tuesday Blitz"]
[Site "Chess.com"]
[Date "2020.11.24"]
[Round "1"]
[White "NikolaGry"]
[Black "Sjakkerntobi"]
[Result "1-0"]
[WhiteElo "2718"]
[BlackElo "2374"]
[TimeControl "180+1"]
[EndTime "10:22:54 PST"]
[Termination "NikolaGry won by checkmate"]

1. e4 e6 2. Nf3 d5 3. Nc3 d4 4.
Ne2 c5 5. c3 Nf6 6. Ng3 h5 7. e5 Nfd7 8. cxd4 cxd4 9. Bb5 Nc6 10. O-O Qb6 11. Qa4 a6 12. Bxc6 bxc6 13. Ne4 Be7 14. d3 O-O 15. Bg5 Bxg5 16. Nexg5 c5 17. Rfe1 Qc7 18. Rac1 Bb7 19. Qxd4 cxd4 20. Rxc7 Bxf3 21.
Nxf3 Rfd8 22. Rec1 Nb6 23. Rb7 Nd5 24. Ng5 Nf4 25.
Rcc7 Rf8 26. g3 Nxd3 27. Nxe6 Rfe8 28. Nxd4 Nxe5 29. Kg2 Rad8 30. Nf5 Re6 31. Re7 Rxe7 32. Nxe7+ Kf8 33. Nf5 g6 34. Ne3 Rd7 35. Rxd7 Nxd7 36. Kf3 Ke7 37. Ke4 Kd6 38. Kd4 Ne5 39. Nc4+ Nxc4 40.
Kxc4 Ke5 41. b4 Ke4 42. a4 Kf3 43. b5 axb5+ 44. axb5 Kxf2 45. b6 Kg2 46. b7 Kxh2 47. b8=Q g5 48. Kd3 Kg2 49. Ke3 f5 50. Qe5 h4 51. gxh4 f4+ 52. Ke4 f3 53. Qxg5+ Kh1 54. Kxf3 Kh2 55. Qg2# 1-0

[Event "*** Titled Tuesday Blitz"]
[Site "Chess.com"]
[Date "2020.11.24"]
[Round "1"]
[White "CoachHakia"]
[Black "chenxiaoyuer"]
[Result "0-1"]
[WhiteElo "2159"]
[BlackElo "2519"]
[TimeControl "180+1"]
[EndTime "10:22:54 PST"]
[Termination "chenxiaoyuer won by checkmate"]

1. d4 Nf6 2. Bg5 d5 3. Bxf6 exf6 4. g3 Bd6 5. Bg2 c6 6. e3 O-O 7. Ne2 Re8 8. O-O Nd7 9. Nd2 f5 10. c4 dxc4 11. Nxc4 Nf6 12. Nxd6 Qxd6 13. Nc3 Be6 14. Qc2 Nd5 15. Nxd5 cxd5 16. Rfc1 Rec8 17. Qb3 b6 18. h3 h5 19. h4 g6 20. a4 a5 21. Qb5 Rab8 22.
Rc3 Rxc3 23. bxc3 Rc8 24. Rb1 Rc6 25. Rb3 Kh7 26. Qa6 Qc7 27. Qb5 Bd7 28. Qxd5 Rf6 29. Qe5 Qd8 30. c4 Bxa4 31. Rc3 Re6 32. Qf4 Qe7 33.
Bd5 Rf6 34. Qg5 Kg7 35. c5 b5 36. c6 Qc7 37. Rc5 b4 38. Qf4 Qxf4 39. gxf4 b3 40. c7 b2 41. c8=Q b1=Q+ 42. Kg2 Qd1 43. Bf3 Qe1 44.
Rc7 Bd1 45. Bd5 Be2 46. Qd7 Qf1+ 47. Kg3 Qg1+ 48. Kh3 Bf1+ 49. Bg2 Qxg2# 0-1

[Event "*** Titled Tuesday Blitz"]
[Site "Chess.com"]
[Date "2020.11.24"]
[Round "1"]
[White "yobdc"]
[Black "Salem-AR"]
[Result "0-1"]
[WhiteElo "2448"]
[BlackElo "2910"]
[TimeControl "180+1"]
[EndTime "10:22:55 PST"]
[Termination "Salem-AR won on time"]

1. d4 Nf6 2. Nf3 e6 3. e3 c5 4.
Bd3 b6 5. O-O Bb7 6. b3 Nc6 7.
Bb2 cxd4 8. exd4 d5 9. Nbd2 Be7 10. Ne5 O-O 11. Re1 Rc8 12. a3 Rc7 13. Qf3 Qa8 14.
Qh3 g6 15. Re3 Nxe5 16. dxe5 Ne4 17. Bxe4 dxe4 18. Qh6 f5 19. exf6 Bxf6 20. Bxf6 Rxf6 21. c4 Rd7 22. Nf1 Rdf7 23. Ra2 Qd8 24. Rd2 Qe7 25. b4 Qc7 26. Rc2 Qe5 27. Qh4 g5 28.
Qg3 Rf4 29. c5 Bd5 30. h4 Rg7 31. c6 gxh4 32. Qh2 Rc7 33. b5 Qg5 34. Nd2 h6 35. a4 Rff7 36. Rcc3 Qf5 37. Re2 e3 38. Rcxe3 Rg7 39.
f3 h3 40. g4 h5 41. Qg3 hxg4 42. Kh2 gxf3 43. Qd6 fxe2 44. Qd8+ Qf8 0-1

[Event "*** Titled Tuesday Blitz"]
[Site "Chess.com"]
[Date "2020.11.24"]
[Round "1"]
[White "tigra"]
[Black "MF1966Idrisov"]
[Result "1-0"]
[WhiteElo "2796"]
[BlackElo "2410"]
[TimeControl "180+1"]
[EndTime "10:22:55 PST"]
[Termination "tigra won by resignation"]

1. d4 d6 2. Bf4 f5 3. e3 Nf6 4. Nf3 e6 5. h3 Be7 6. Bd3 b6 7. c4 Bb7 8. Nc3 Ne4 9. Qc2 Nxc3 10. bxc3 Nd7 11. e4 g6 12. d5 e5 13. Bh6 f4 14. h4 Bf8 15. Bg5 Be7 16. Bh6 Bf8 17. Bxf8 Kxf8 18. Be2 h6 19. Nh2 Nc5 20. g3 fxg3 21.
fxg3 Kg7 22. Kd2 Qe7 23. Ng4 Raf8 24. Raf1 Bc8 25. Ne3 Rxf1 26. Rxf1 Rf8 27. Ke1 Rxf1+ 28. Bxf1 Qf6 29. Bg2 a5 30. Qe2 a4 31. Bf3 Bd7 32. Bg4 Qd8 33. Bxd7 Qxd7 34. Ng4 h5 35. Nf2 Qf7 36. Qe3 Qf6 37. Kd1 Qf7 38. Kc2 Qf6 39.
Qe2 Qf7 40. Nh3 Qd7 41. Ng5 Qe7 42. Kb2 Qf6 43. Ka3 Kh6 44. Kb4 Kg7 45. Kb5 Qd8 46.
g4 Qd7+ 47. Kb4 Qxg4 48. Qf1 Qf4 49. Qb1 Qd2 50. a3 Nd3+ 51. Kxa4 Qxc3 52. Ne6+ Kf6 53. Qf1+ Nf4 54. Nxf4 exf4 55. Qxf4+ Kg7 56. Kb5 Qb3+ 57. Kc6 Qxc4+ 58. Kd7 b5 59. Ke7 Qd4 60. Kd7 Qe5 61.
Qxe5+ dxe5 62. Kxc7 g5 63. d6 gxh4 64. d7 h3 65.
d8=Q 1-0

[Event "*** Titled Tuesday Blitz"]
[Site "Chess.com"]
[Date "2020.11.24"]
[Round "1"]
[White "XDPS"]
[Black "Nara_Kh"]
[Result "1/2-1/2"]
[WhiteElo "2712"]
[BlackElo "2385"]
[TimeControl "180+1"]
[EndTime "10:22:55 PST"]
[Termination "Game drawn by repetition"]

1. e4 c5 2. Nf3 d6 3. d4 Nf6 4. Nc3 cxd4 5. Nxd4 a6 6. Be2 e5 7. Nf3 h6 8. Nd2 Be7 9. Nc4 Be6 10. Ne3 O-O 11. O-O Nc6 12. f3 b5 13. a4 Nd4 14.
axb5 axb5 15. Rxa8 Qxa8 16. Nxb5 Nxe2+ 17. Qxe2 Qa6 18. c4 Rc8 19. b3 Bd8 20. Rd1 Rc6 21. Nd5 Bxd5 22. exd5 Rc8 23. Be3 Bb6 24. Bxb6 Qxb6+ 25.
Qf2 Qa6 26. Qa7 Ra8 27. Qxa6 Rxa6 28. h3 Kf8 29. b4 Nd7 30. Rc1 Ke7 31. Nc3 Ra3 32.
Kh2 Rb3 33. b5 f5 34. Ne2 Rb4 35. f4 exf4 36. Nd4 Ne5 37. Nc6+ Nxc6 38. dxc6 Kd8 39. Rd1 Kc7 40. c5 dxc5 41. Rd7+ Kc8 42. Rb7 c4 43. b6 c3 44. Rc7+ Kb8 45. Rb7+ Kc8 46. Rc7+ Kb8 47. Rb7+ Kc8 1/2-1/2

[Event "*** Titled Tuesday Blitz"]
[Site "Chess.com"]
[Date "2020.11.24"]
[Round "1"]
[White "r31415"]
[Black "mishanick"]
[Result "0-1"]
[WhiteElo "2463"]
[BlackElo "2993"]
[TimeControl "180+1"]
[EndTime "10:22:56 PST"]
[Termination "mishanick won by resignation"]

1. e4 c5 2. Nf3 d6 3. d4 cxd4 4. Nxd4 Nf6 5. Nc3 a6 6. h3 b5 7. g4 Bb7 8. Bg2 Nc6 9. Nde2 e6 10. g5 Nd7 11. Ng3 Be7 12. h4 Nde5 13. f4 Nc4 14. b3 Qa5 15. Ne2 b4 16. Na4 Nb6 17.
Nb2 h6 18. Be3 hxg5 19. hxg5 Rxh1+ 20. Bxh1 d5 21. exd5 Nxd5 22. Nc4 Qb5 23. Bxd5 exd5 24. Nb6 Rd8 25. Na4 d4 26. Bf2 Bc8 27. Qd3 Bf5 28.
Qxb5 axb5 29. Nb2 Bxc2 30. Rc1 Be4 31. Kd2 f5 32. Nd3 Kd7 33. Nc5+ Bxc5 34. Rxc5 Rh8 35. Bxd4 Rh2 36. Ke3 Kd6 37. Rc1 Rh3+ 38. Kf2 Rh2+ 39.
Ke3 Rxe2+ 40. Kxe2 Nxd4+ 41. Ke3 Ne6 42. Rc8 Nc7 43. Rg8 Ne6 44. Rb8 Kc6 45. Rc8+ Kd7 46. Rb8 Bc6 47. Rg8 Ke7 48. Rb8 Kd6 49. Rg8 Kc7 50.
Rh8 Kd6 51. Rg8 Be4 52. Rb8 Nc7 53. Rg8 Nd5+ 54. Kd4 Nxf4 55. Rxg7 Ne6+ 0-1

[Event "*** Titled Tuesday Blitz"]
[Site "Chess.com"]
[Date "2020.11.24"]
[Round "1"]
[White "Shuvalov"]
[Black "Azerichess"]
[Result "0-1"]
[WhiteElo "2457"]
[BlackElo "2960"]
[TimeControl "180+1"]
[EndTime "10:22:56 PST"]
[Termination "Azerichess won by checkmate"]

1. Nf3 c5 2. c3 Nf6 3. d4 e6 4. Bf4 b6 5. e3 Bb7 6. h3 Be7 7. Nbd2 O-O 8. Be2 d5 9. O-O Nc6 10. a4 a6 11. Re1 c4 12. Ne5 Nxe5 13. Bxe5 Nd7 14. Bg3 b5 15. axb5 axb5 16. b4 Nb6 17. Bf3 f5 18. Qc2 Ra4 19. Qb2 Qd7 20. Rec1 Rfa8 21.
Bd1 R4a6 22. Nf3 Qc8 23. Ne5 Bc6 24. Rxa6 Rxa6 25. Ra1 Be8 26. f3 Qa8 27. Rxa6 Qxa6 28. Bc2 Qa8 29. e4 dxe4 30. fxe4 fxe4 31. Qb1 Nd5 32. Bxe4 Nxc3 33. Bxh7+ Kh8 34. Qe1 Kxh7 35. Qxc3 Qa2 36. Kh2 Qb1 37. Qf3 Qf5 38. Qe3 Bxb4 39. Nf3 Kg8 40. Ng5 Bd7 41. Be5 Be7 42. Nf3 b4 43.
Qe2 c3 44. Qc4 c2 45. Qc7 Bf8 46. Nh4 Qe4 47. Qxd7 c1=Q 48. Qxe6+ Kh7 49. Qf7 Qxh4 50. Qxf8 Qcg5 51. Bg3 Qhxg3+ 52. Kh1 Qxg2# 0-1

[Event "*** Titled Tuesday Blitz"]
[Site "Chess.com"]
[Date "2020.11.24"]
[Round "1"]
[White "GAusal"]
[Black "yourstrulyme"]
[Result "0-1"]
[WhiteElo "2003"]
[BlackElo "2479"]
[TimeControl "180+1"]
[EndTime "10:22:56 PST"]
[Termination "yourstrulyme won on time"]

1. d4 Nf6 2. Bf4 e6 3. e3 d5 4. Nf3 Bd6 5. Ne5 O-O 6. c3 c5 7. Nd2 Qc7 8. Bd3 Nbd7 9. Ndf3 b6 10.
O-O Bb7 11. a4 a6 12. Nxd7 Nxd7 13. Bxd6 Qxd6 14. Qc2 g6 15. a5 b5 16. b4 cxb4 17. cxb4 Rac8 18. Qb2 Rc7 19. Rac1 Rfc8 20. Rxc7 Qxc7 21.
Rb1 Qc3 22. Qxc3 Rxc3 23. Ne1 Nb8 24. Kf1 Nc6 25. Ke2 Kf8 26. Kd2 Ra3 27. Nc2 Ra4 28.
Kc3 Ke7 29. Kb3 f5 30. h4 Kd6 31. Rh1 h5 32. f3 Bc8 33. Rg1 e5 34. f4 e4 35. Be2 Be6 36. g3 Nd8 37. Ra1 Bd7 38.
Rxa4 bxa4+ 39. Ka3 Bb5 40. Bxb5 axb5 41. Ne1 Kc6 42.
Nc2 Nb7 43. Kb2 Nd6 44. Na3 Kb7 45. Kc3 Ka6 46. Nc2 Nc4 47. Ne1 Nxe3 48. Nc2 Nxc2 49.
Kxc2 Kb7 50. Kc3 Kc6 51. Kd2 a3 52. Kc3 e3 0-1

[Event "*** Titled Tuesday Blitz"]
[Site "Chess.com"]
[Date "2020.11.24"]
[Round "1"]
[White "juancruzarias"]
[Black "ARTHURMOTIVATOR"]
[Result "0-1"]
[WhiteElo "2547"]
[BlackElo "2286"]
[TimeControl "180+1"]
[EndTime "10:22:57 PST"]
[Termination "ARTHURMOTIVATOR won on time"]

1. e4 c6 2. d4 d5 3. exd5 cxd5 4. Bf4 Nf6 5. c3 Nc6 6. Nf3 a6 7. Bd3 g6 8. Nbd2 Bg7 9. O-O O-O 10. Re1 Bf5 11. Bxf5 gxf5 12. Ne5 e6 13. Ndf3 Ne7 14.
Qc1 Ne4 15. Bh6 Ng6 16. Bxg7 Kxg7 17. Nd3 Kh8 18. Nfe5 Nxe5 19. Nxe5 Qe7 20. f3 Nd6 21. Qh6 Rg8 22. Kh1 Rg5 23. Re2 Rag8 24. Rae1 f4 25.
Ng4 R8g6 26. Qh3 Nf5 27. Ne5 Rh6 28. Qxh6 Nxh6 29. Kg1 Kg8 30. Kf2 Nf5 31. Ng4 h5 32. Ne5 Ne3 33. Rg1 f6 34. Nd3 Qg7 35. Nxf4 e5 36. Ne6 Rxg2+ 37. Kxe3 Qh6+ 38. f4 Rxg1 39. Kf2 Qg6 40. dxe5 Qg2+ 41. Ke3 Qe4+ 42.
Kd2 Qb1 43. exf6 Qxb2+ 44. Kd3 Rd1+ 45. Ke3 Qxc3+ 46. Kf2 Qc1 47. Ng5 Qxf4+ 48. Nf3 Rd3 0-1

[Event "*** Titled Tuesday Blitz"]
[Site "Chess.com"]
[Date "2020.11.24"]
[Round "1"]
[White "GMaka"]
[Black "Grandelicious"]
[Result "0-1"]
[WhiteElo "2423"]
[BlackElo "2824"]
[TimeControl "180+1"]
[EndTime "10:22:58 PST"]
[Termination "Grandelicious won by resignation"]

1. d4 d5 2. c4 e6 3. Nc3 a6 4. cxd5 exd5 5. Bf4 Nf6 6. e3 c5 7. dxc5 Bxc5 8. Nf3 Nc6 9. Ne5 O-O 10. Nxc6 bxc6 11. Be2 Qb6 12. O-O Qxb2 13. Na4 Qa3 14. Nxc5 Qxc5 15.
Rc1 Qb6 16. Qc2 Bd7 17. Rb1 Qd8 18. Rb7 h6 19. Rfb1 a5 20. Bd6 Re8 21. Rb8 Bf5 22. Qxc6 Bxb1 23. Qxa8 Qxd6 24. Rxe8+ Nxe8 25. Qxe8+ Qf8 26. Qxf8+ Kxf8 27. a3 Ke7 28. Kf1 Kd6 29. Ke1 Kc5 30. Kd2 d4 31. exd4+ Kxd4 32. g3 g5 33. Bh5 Ba2 34. Be2 Bc4 35. Bd1 Ke4 36. f3+ Kd4 37. Ba4 Bd5 38. Bd1 Kc4 39. h4 gxh4 40. gxh4 Kd4 41.
Be2 f6 42. Bd1 Kc4 43. Ke3 Kc3 44. Kf4 Bb3 45. Be2 Kb2 46. Kf5 Kxa3 47. Bb5 Kb4 48. Be8 Ba4 49. Bf7 Bb5 50. Kxf6 a4 51. Ba2 Bc4 52. Bb1 a3 53. f4 Kc3 54. f5 Kb2 55.
Kg7 Kxb1 0-1